 Dungeon Crawl Stone Soup version 0.19.5 (webtiles) character file.

323 miragecloak the Cudgeler (level 6, 0/47 HPs)
             Began as a Formicid Abyssal Knight on Apr 24, 2017.
             Was a Follower of Lugonu.
             Slain by a centaur warrior (4 damage)
             ... on level 15 of the Dungeon.
             The game lasted 00:08:46 (3910 turns).

miragecloak the Cudgeler (Formicid Abyssal Knight)  Turns: 3910, Time: 00:08:47

Health: 0/47       AC: 10    Str: 16    XL:     6   Next: 77%
Magic:  7/7        EV: 10    Int: 12    God:    Lugonu [*.....]
Gold:   130        SH:  3    Dex: 12    Spells: 0 memorised, 5 levels left

rFire  + . .     SeeInvis +     a - +1 mace
rCold  . . .     Gourm    .     d - +1 ring mail {rF+}
rNeg   + . .     Faith    .     E - +0 buckler
rPois  .         Spirit   .     (helmet unavailable)
rElec  .         Reflect  .     g - +0 cloak
rCorr  .         Harm     .     D - +0 pair of gloves (curse)
MR     +....                    C - +0 pair of boots
Stlth  +.........               (no amulet)
                                B - ring of protection from magic
                                l - ring of positive energy

@: no status effects
A: permanent stasis, dig shafts and tunnels, four strong arms, antennae 3
a: Dig, Shaft Self, Depart the Abyss, Renounce Religion


You were on level 15 of the Dungeon.
You worshipped Lugonu.
Lugonu was aware of your devotion.
You were near starving.

You visited 1 branch of the dungeon, and saw 10 of its levels.
You visited the Abyss 1 time.

You collected 130 gold pieces.

Inventory:

Hand Weapons
 a - a +1 mace (weapon)
Armour
 d - a +1 ring mail of fire resistance (worn)
 g - a +0 cloak (worn)
 n - +0 gold dragon scales
 C - a +0 pair of boots (worn)
 D - a cursed +0 pair of gloves (worn)
 E - a +0 buckler (worn)
Jewellery
 k - an uncursed ring of see invisible
 l - a ring of positive energy (left hand)
 B - a ring of protection from magic (right hand)
Scrolls
 h - 3 scrolls of recharging {unknown}
 i - a scroll of immolation {unknown}
 m - 2 scrolls of identify {unknown}
 o - a scroll of remove curse {unknown}
 r - a scroll of enchant armour {unknown}
 t - 2 scrolls of blinking {unknown}
 u - a scroll of random uselessness {unknown}
 x - a scroll of enchant weapon {unknown}
 y - a scroll of magic mapping {unknown}
 A - a scroll of amnesia {unknown}
Potions
 e - 3 potions of heal wounds {unknown}
 f - 3 potions of might {unknown}
 j - a potion of resistance {unknown}
 p - 2 potions of berserk rage {unknown}
 q - a potion of brilliance {unknown}
 v - a potion of agility {unknown}
 z - a potion of degeneration {unknown}
Comestibles
 b - a beef jerky
 c - 4 bread rations
 s - a slice of pizza
 w - 3 fruits


   Skills:
 - Level 3.2 Fighting
 - Level 6.2 Maces & Flails
 - Level 3.2 Armour
 - Level 0.8 Dodging
 + Level 0.0 Shields
 - Level 2.1 Invocations


You had 5 spell levels left.
You didn't know any spells.

Dungeon Overview and Level Annotations

Branches:
Dungeon (8/15)
 Temple: D:4-7         Lair: D:8-11

Altars:

Annotations:
D:3 Pavgran's ghost, amateur DrTm
D:8 Inarius's ghost, novice MiFi
D:15 Azrael


Innate Abilities, Weirdness & Mutations

You are under a permanent stasis effect.
You can dig through walls and to a lower floor.
Your four strong arms can wield two-handed weapons with a shield.
You have a pair of large antennae on your head. (SInv)


Message History

You sock the centaur warrior!
The centaur warrior is lightly wounded.
The centaur completely misses you. The centaur warrior hits you! x2
* * * LOW HITPOINT WARNING * * *
You block the centaur's attack.
A hell hound and a fire elemental come into view.
You completely miss the centaur warrior.
The centaur warrior is lightly wounded.
The centaur hits you but does no damage.
The centaur warrior hits you.
* * * LOW HITPOINT WARNING * * *
Azrael the Boundless Flame comes into view.
He is wielding a scimitar of flaming.
Unknown command.
Unknown command.
You sock the centaur warrior!
The centaur warrior is moderately wounded.
The centaur barely misses you.
The centaur warrior completely misses you.
The centaur misses you. The centaur warrior hits you.
You die... . { { ....########### .R..hhc@cccc..# §§§E#########.# . {

You could see Azrael, a centaur warrior, a fire elemental, 2 hell hounds and 4 centaurs.

Vanquished Creatures
  2 ice beasts
  A hound (D:5)
  A hound skeleton (D:5)
  A howler monkey zombie (D:7)
  3 adders
  A worm (D:2)
  5 dart slugs
  An orc (D:5)
  A ball python (D:2)
  7 bats
  2 giant cockroaches
  5 goblins
  3 hobgoblins
  4 frilled lizards
  7 kobolds
  4 rats
48 creatures vanquished.

Notes
Turn   | Place    | Note
-------+----------+-------------------------------------------
     0 | Abyss:1  | miragecloak the Formicid Abyssal Knight began the quest for the Orb.
     0 | Abyss:1  | Reached XP level 1. HP: 18/18 MP: 2/2
     4 | Abyss:1  | Found a corrupted altar of Lugonu.
    20 | Abyss:1  | Found a corrupted altar of Lugonu.
    75 | Abyss:1  | Noticed a flying skull
    77 | D:1      | Escaped the Abyss
   196 | D:1      | Reached XP level 2. HP: 18/24 MP: 3/3
   352 | D:1      | Reached skill level 3 in Maces & Flails
   628 | D:1      | Reached XP level 3. HP: 27/29 MP: 4/4
  1124 | D:2      | Reached * piety under Lugonu
  1719 | D:2      | Reached XP level 4. HP: 17/35 MP: 5/5
  2090 | D:3      | Noticed Pavgran's ghost (amateur DrTm)
  2130 | D:5      | Entered Level 5 of the Dungeon
  2334 | D:5      | Noticed an ogre
  2381 | D:5      | Noticed an ice beast
  2393 | D:5      | Killed an ice beast
  2393 | D:5      | Reached skill level 5 in Maces & Flails
  2393 | D:5      | Reached XP level 5. HP: 31/41 MP: 6/6
  2509 | D:5      | Reached XP level 6. HP: 16/47 MP: 7/7
  2542 | D:5      | You fall through a shaft for 3 floors!
  2804 | D:8      | Noticed Inarius's ghost (novice MiFi)
  2826 | D:7      | Noticed a phantom
  2826 | D:7      | You fall through a shaft!
  2826 | D:8      | Noticed an ice beast
  2860 | D:8      | Killed an ice beast
  2860 | D:8      | Reached skill level 6 in Maces & Flails
  3452 | D:7      | Noticed a hippogriff
  3481 | D:7      | You fall through a shaft for 2 floors!
  3487 | D:9      | HP: 2/47 [adder (2)]
  3768 | D:9      | Noticed an orc warrior
  3802 | D:9      | Noticed a phantom
  3807 | D:9      | You fall through a shaft for 3 floors!
  3853 | D:12     | Noticed a phantom
  3897 | D:12     | Noticed a purple ugly thing
  3905 | D:12     | You fall through a shaft for 3 floors!
  3905 | D:15     | Entered Level 15 of the Dungeon
  3905 | D:15     | Noticed a hell hound
  3905 | D:15     | Noticed a centaur warrior
  3909 | D:15     | Noticed a hell hound
  3909 | D:15     | Noticed a fire elemental
  3910 | D:15     | Noticed Azrael
  3910 | D:15     | Slain by a centaur warrior

Skill      XL: |  1  2  3  4  5  6 |
---------------+-------------------+-----
Maces & Flails | 3 5 6 |  6.2
Armour         | 3 |  3.2
Fighting       | |  3.2
Dodging        | |  0.8
Invocations    | |  2.1

Action                   |  1- 3 |  4- 6 || total
-------------------------+-------+-------++-------
Melee: Mace              |   133 |   166 ||   299
Invok: Depart the Abyss  |     1 |       ||     1
 Abil: Shaft Self        |       |     5 ||     5
       Dig               |       |     1 ||     1
  Use: Potion            |       |     3 ||     3
  Eat: Chunk             |     2 |     4 ||     6
       Fruit             |       |     3 ||     3
       Beef jerky        |       |     1 ||     1
Armor: Leather armour    |    35 |       ||    35
       Gold dragon scale |    48 |   230 ||   278
       Ring mail         |       |     1 ||     1
Dodge: Dodged            |    65 |    16 ||    81
Block: Buckler           |       |     1 ||     1
